Map: Lost and Found LE

Players

Has

  • Race: Protoss Protoss
  • Spawn Location: 1:00

Dark - Winner!

  • Race: Zerg Zerg
  • Spawn Location: 7:00

Event: 2018 WCS Global Finals

VOD

Have the link to the VOD?

Description

Time

  • Played on: Oct. 28, 2018, 1:57 p.m.
  • Length: 19:41

All games in this series

Show
View Real Time Build Order
Export as new Build Order

Has Protoss 

Build Orders: Oracle Opening 

Get SALT Encoding   

  12  0:00  Probe  
  13  0:13  Probe  
  14  0:19  Pylon  
  14  0:24  Probe  
  15  0:33  Probe  
  15  0:37  Gateway  
  15  0:41  Probe  
  16  0:47  Assimilator  
  17  0:52  Probe  
  18  1:00  Probe  
  19  1:08  Probe  
  19  1:11  Forge  
  20  1:19  Probe  
  21  1:28  Pylon  
  21  1:34  Pylon  
  21  1:36  Pylon  
  21  1:47  Photon Cannon  
  21  1:55  Photon Cannon  
  21  2:02  Cybernetics Core  
  21  2:10  Photon Cannon  
  21  2:20  Probe  
  22  2:26  Assimilator  
  22  2:33  Probe  
  23  2:41  Stargate  
  23  2:45  Adept, Probe  
  26  3:09  Nexus  
  26  3:16  Void Ray  
  29  3:33  Probe  
  29  3:41  Pylon  
  29  3:45  Probe  
  30  3:55  Pylon  
  30  3:57  Oracle, Probe  
  34  4:09  Probe  
  35  4:21  Probe x2  
  37  4:25  Photon Cannon, Oracle  
  37  4:33  Probe x2  
  42  4:45  Probe x2  
  44  4:49  Pylon  
  44  4:53  Assimilator  
  44  4:54  Oracle  
  44  4:57  Probe x2  
  49  5:09  Probe x2  
  51  5:17  Stargate  
  51  5:21  Probe  
  51  5:22  Probe  
  51  5:25  Oracle  
  53  5:33  Probe  
  53  5:34  Probe  
  56  5:39  Pylon  
  56  5:43  Assimilator  
  56  5:45  Probe  
  56  5:46  Probe  
  58  5:58  Probe x2  
  58  5:59  Gateway  
  58  6:00  Gateway  
  58  6:02  Gateway  
  63  6:10  Probe  
  67  6:19  Probe  
  67  6:20  Phoenix x2  
  68  6:26  Pylon  
  68  6:27  Pylon  
  68  6:31  Pylon  
  62  6:34  Shield Battery  
  62  6:36  Shield Battery  
  62  6:43  Phoenix x2  
  66  6:48  Probe  
  66  6:49  Probe  
  68  7:03  Probe x2  
  68  7:08  Phoenix x2  
  72  7:15  Probe x2  
  76  7:19  Protoss Air Weapons Level 1  
  76  7:23  Cybernetics Core  
  76  7:24  Stargate  
  76  7:27  Probe  
  77  7:32  Fleet Beacon  
  77  7:33  Phoenix  
  79  7:39  Probe x2  
  79  7:40  Pylon  
  81  7:46  Phoenix  
  81  7:51  Probe  
  84  7:56  Pylon  
  84  7:57  Pylon x2  
  84  7:58  Phoenix  
  86  8:10  Nexus  
  86  8:11  Phoenix, Pylon, Probe  
  88  8:17  Probe  
  88  8:23  Phoenix, Probe  
  91  8:27  Anion Pulse-Crystals  
  91  8:33  Nexus, Pylon  
  91  8:42  Warp Gate  
  91  8:47  Probe x2  
  93  8:49  Phoenix x2  
  93  8:54  Photon Cannon  
  97  9:15  Twilight Council  
  97  9:16  Forge  
  97  9:19  Phoenix x2  
  97  9:24  Charge, Probe x2  
  103  9:28  Photon Cannon  
  103  9:30  Protoss Ground Weapons Level 1  
  103  9:32  Assimilator  
  103  9:36  Assimilator  
  103  9:42  Pylon  
  103  9:44  Forge  
  103  9:50  Protoss Ground Armor Level 1  
  103  9:55  Gateway  
  103  9:57  Gateway  
  102  10:12  Phoenix x2  
  106  10:24  Protoss Shields Level 1  
  106  10:26  Probe x3  
  109  10:34  Gateway x2  
  109  10:43  Nexus  
  109  10:48  Sentry x2  
  109  10:49  Sentry  
  115  10:52  Templar Archives  
  115  10:54  Zealot x2  
  115  10:56  Shield Battery  
  119  10:59  Shield Battery  
  119  11:02  Pylon  
  119  11:06  Pylon  
  119  11:09  Gateway  
  119  11:11  Gateway  
  119  11:12  Pylon  
  119  11:13  Zealot x3  
  119  11:16  Zealot  
  127  11:25  Protoss Ground Weapons Level 2  
  125  11:26  Zealot  
  127  11:40  Zealot x4  
  135  11:52  High Templar x2, Zealot  
  127  12:01  Archon  
  127  12:02  High Templar x3  
  127  12:03  High Templar  
  127  12:07  Zealot x2, Archon x2  
  139  12:14  Zealot  
  141  12:25  Protoss Ground Armor Level 2  
  141  12:26  Zealot x2  
  117  12:30  Zealot x2  
  117  12:35  Zealot x2  
  117  12:36  Zealot x3  
  108  12:48  Zealot x2  
  108  12:51  Zealot x5  
  122  13:11  Zealot  
  122  13:12  Zealot x8  
  114  13:24  Psionic Storm  
  116  13:33  High Templar x6  
  128  13:39  Zealot  
  128  13:40  High Templar  
  128  13:41  High Templar  
  134  13:44  Protoss Ground Weapons Level 3  
  130  13:50  Photon Cannon  
  130  13:51  Photon Cannon, Shield Battery  
  130  14:04  Probe x3  
  130  14:05  Probe  
  134  14:16  Zealot x2  
  138  14:21  Protoss Shields Level 2, High Templar x3  
  138  14:22  High Templar, Zealot x2  
  138  14:23  Nexus  
  138  14:24  Pylon, Probe x2  
  151  14:25  Archon  
  151  14:26  Archon  
  151  14:30  Probe  
  152  14:36  Probe  
  154  14:39  Pylon  
  154  14:44  Zealot  
  154  14:45  Zealot x3  
  160  14:54  Zealot x3  
  166  15:02  Zealot  
  166  15:03  Zealot  
  166  15:09  Zealot x4  
  168  15:17  Zealot x3  
  170  15:24  Zealot x2  
  116  15:50  Nexus  
  116  15:51  High Templar x5  
  116  15:52  High Templar x3, Zealot  
  116  15:56  Pylon  
  134  16:01  Archon  
  134  16:02  Archon x3  
  134  16:08  Probe x3  
  137  16:11  Robotics Facility  
  137  16:14  Zealot  
  137  16:17  High Templar  
  141  16:19  High Templar  
  141  16:20  Zealot x3  
  149  16:27  Photon Cannon, Zealot x3  
  149  16:28  Photon Cannon  
  145  16:40  Zealot x4  
  151  16:51  Immortal, Robotics Facility  
  149  16:59  Assimilator x2  
  153  17:01  High Templar x2  
  153  17:02  High Templar  
  159  17:12  Zealot x3  
  159  17:13  Zealot  
  167  17:18  Immortal  
  171  17:41  Pylon x2  
  171  17:43  High Templar x2  
  171  17:44  Immortal, High Templar  
  177  17:53  Observer  
  169  18:26  High Templar x2  
  146  18:49  Observer  
  146  18:50  Zealot x5  
  74  19:19  Zealot x9  
Show
View Real Time Build Order
Export as new Build Order

Dark Zerg - Winner!

Build Orders: Hatch First 

Get SALT Encoding   

  12  0:00  Drone  
  13  0:11  Overlord  
  13  0:16  Drone  
  14  0:30  Drone x2  
  14  0:35  Drone  
  17  0:51  Hatchery  
  17  0:54  Drone  
  17  0:57  Drone  
  18  1:08  Extractor  
  17  1:12  Spawning Pool  
  17  1:15  Drone  
  17  1:19  Drone  
  18  1:42  Drone x2  
  20  1:57  Extractor  
  20  2:00  Queen  
  21  2:02  Drone  
  21  2:03  Zergling x2  
  21  2:06  Queen  
  25  2:16  Roach Warren  
  25  2:22  Drone  
  25  2:24  Drone  
  25  2:27  Drone  
  27  2:35  Overlord  
  29  2:58  Roach  
  29  3:00  Overlord  
  29  3:13  Overlord  
  29  3:19  Roach x3  
  35  3:24  Ravager  
  36  3:28  Roach  
  38  3:37  Lair  
  38  3:42  Roach x2  
  42  3:48  Drone  
  42  3:53  Drone  
  44  4:04  Hatchery  
  43  4:18  Overlord  
  43  4:36  Spire  
  43  4:37  Drone x4  
  46  4:42  Overlord  
  45  4:47  Spore Crawler  
  45  4:50  Drone  
  45  5:02  Queen  
  45  5:04  Drone  
  48  5:08  Drone  
  49  5:15  Drone  
  50  5:34  Drone x3, Spore Crawler  
  52  5:44  Overlord  
  52  5:45  Overlord  
  52  5:50  Extractor, Mutalisk x3  
  52  5:51  Mutalisk  
  59  6:03  Mutalisk x2  
  63  6:05  Mutalisk  
  65  6:12  Drone x2  
  65  6:13  Drone  
  68  6:19  Drone x2  
  68  6:20  Drone  
  68  6:21  Drone  
  68  6:23  Drone  
  73  6:33  Drone x2  
  75  6:43  Hatchery  
  75  6:45  Drone  
  75  6:46  Overlord  
  73  7:03  Drone x2  
  73  7:04  Overlord  
  73  7:06  Drone  
  73  7:08  Drone x5  
  78  7:10  Hydralisk Den  
  78  7:14  Drone x2  
  82  7:18  Evolution Chamber  
  81  7:27  Glial Reconstitution  
  81  7:33  Extractor  
  80  7:40  Overlord x2  
  80  7:42  Grooved Spines  
  80  7:43  Hydralisk x4  
  88  7:49  Hydralisk  
  88  7:50  Overlord  
  90  7:51  Zerg Missile Weapons Level 1  
  90  7:55  Hydralisk  
  90  7:56  Spore Crawler  
  91  7:59  Hydralisk  
  91  8:01  Hydralisk  
  95  8:08  Hydralisk x2  
  97  8:25  Hydralisk  
  97  8:26  Hydralisk x2, Hatchery  
  98  8:28  Hydralisk  
  94  8:35  Hydralisk  
  94  8:37  Overlord  
  94  8:39  Overlord  
  96  8:49  Hydralisk  
  96  8:54  Drone, Muscular Augments  
  99  8:56  Hydralisk  
  99  8:57  Hydralisk  
  99  9:07  Hydralisk  
  99  9:08  Hydralisk  
  103  9:14  Hydralisk  
  103  9:17  Drone x5  
  107  9:24  Hydralisk  
  110  9:26  Drone  
  110  9:27  Drone  
  114  9:37  Hydralisk x2  
  118  9:45  Hydralisk x3  
  118  9:50  Hydralisk  
  126  9:53  Overlord  
  126  9:54  Drone  
  125  10:06  Hatchery  
  118  10:11  Hydralisk x3  
  124  10:16  Drone x4  
  124  10:18  Drone  
  124  10:19  Drone  
  130  10:26  Extractor x2  
  130  10:27  Overlord, Hydralisk x2  
  132  10:31  Overlord  
  132  10:41  Overlord x2  
  132  10:44  Zerg Missile Weapons Level 2  
  132  10:48  Hydralisk x3  
  138  10:51  Overlord  
  138  10:58  Drone  
  138  10:59  Infestation Pit  
  138  11:01  Drone x3  
  138  11:02  Drone x3  
  144  11:10  Roach x2  
  144  11:11  Roach x2  
  152  11:13  Overseer  
  152  11:15  Roach x2  
  156  11:25  Roach x3  
  162  11:26  Roach x2  
  162  11:34  Roach x2  
  162  11:36  Roach x3  
  162  11:39  Overlord  
  170  11:40  Overlord  
  170  11:43  Overlord  
  170  11:46  Overlord  
  170  11:59  Overlord x2  
  170  12:01  Hive  
  170  12:03  Roach x3  
  170  12:04  Roach  
  176  12:11  Roach  
  176  12:14  Roach x3  
  179  12:28  Roach x6  
  157  12:30  Roach x3  
  157  12:33  Roach x2  
  157  12:37  Roach  
  151  12:38  Roach  
  151  12:43  Drone x5  
  158  12:48  Roach x2  
  158  12:50  Roach  
  164  12:52  Roach  
  164  12:55  Roach x2  
  164  12:57  Roach  
  172  13:00  Roach  
  172  13:02  Roach  
  174  13:06  Hydralisk x2  
  152  13:13  Hydralisk  
  152  13:14  Hydralisk  
  152  13:16  Roach x2  
  152  13:17  Roach  
  140  13:23  Zerg Missile Weapons Level 3  
  140  13:27  Drone x3  
  140  13:29  Roach x2  
  140  13:32  Hydralisk  
  140  13:33  Hydralisk  
  151  13:36  Drone  
  151  13:37  Drone  
  151  13:38  Roach  
  151  13:39  Overseer  
  155  13:46  Drone  
  155  13:47  Hydralisk, Roach  
  160  13:48  Hydralisk  
  160  13:51  Drone  
  163  14:00  Hatchery  
  163  14:01  Hydralisk x2  
  163  14:02  Hydralisk  
  168  14:03  Hydralisk  
  168  14:05  Hydralisk  
  168  14:09  Hydralisk x2  
  172  14:13  Hydralisk  
  178  14:19  Lurker Den  
  177  14:24  Hydralisk x3  
  177  14:25  Hydralisk  
  177  14:26  Roach  
  177  14:27  Roach  
  187  14:35  Overlord  
  187  14:38  Overlord  
  187  14:44  Roach x2  
  191  14:48  Extractor x2, Roach  
  191  14:50  Overlord  
  191  14:51  Roach  
  189  15:12  Overlord  
  185  15:28  Hydralisk x3  
  187  15:36  Roach x2  
  187  15:40  Hydralisk x2  
  187  15:41  Hydralisk x2  
  179  15:43  Roach x4  
  183  15:52  Lurker x2  
  183  15:53  Lurker x10  
  195  15:57  Adaptive Talons  
  195  16:05  Zergling x4  
  195  16:06  Zergling x6  
  195  16:10  Zerg Ground Armor Level 1  
  196  16:38  Hydralisk x2  
  200  16:53  Metabolic Boost  
  188  16:57  Extractor x2  
  182  17:03  Lurker x7, Overseer  
  182  17:06  Drone x2  
  182  17:07  Spine Crawler x2  
  189  17:08  Drone x2  
  189  17:09  Drone, Spine Crawler  
  189  17:10  Spine Crawler x2  
  189  17:11  Spine Crawler  
  189  17:12  Drone x2, Spine Crawler  
  189  17:13  Spine Crawler  
  188  17:27  Spine Crawler x3  
  185  17:30  Lurker x2  
  185  17:31  Lurker x2  
  185  17:33  Hydralisk  
  185  17:34  Hydralisk  
  193  17:39  Roach  
  193  17:40  Roach x2  
  199  17:44  Drone  
  199  17:50  Overseer  
  200  17:57  Hatchery  
  197  18:34  Hydralisk  
  183  18:49  Hydralisk x13  
  198  19:04  Roach  
  198  19:05  Roach  
  198  19:06  Hydralisk x4  
  198  19:08  Overlord  
  198  19:09  Roach  
Tags
 
Add a new tag
Caveats
  • Supply blocks, unpowered buildings, or Contaminate may cause inaccurate times.
  • Supply counts are checked every 10 seconds.